 Dungeon Crawl Stone Soup version 0.29-a0-323-g050149af67 (webtiles) character file.

Game seed: 14090531441501558313

84 greenreed the Insei (level 4, -2/34 HPs)
             Began as a Gnoll Transmuter on Apr 10, 2022.
             Slain by a centaur (4 damage)
             ... on level 3 of the Dungeon.
             The game lasted 00:06:56 (3382 turns).

greenreed the Insei (Gnoll Transmuter)              Turns: 3382, Time: 00:06:56

Health: -2/34      AC:  4    Str:  9    XL:     4   Next: 45%
Magic:  9/11       EV: 13    Int: 14    God:
Gold:   142        SH:  0    Dex: 13    Spells: 10/13 levels left

rFire   . . .      SeeInvis .   h - +0 spear
rCold   . . .      Faith    .   f - orb {mayhem}
rNeg    . . .      Spirit   .   a - +0 robe
rPois   .          Reflect  .   (no helmet)
rElec   .          Harm     .   l - scarf {+Inv}
rCorr   .          Rampage  .   (no gloves)
Will    .....                   (no boots)
Stlth   ++........              (no amulet)
HPRegen 0.00/turn               (no ring)
MPRegen 0.12/turn               (no ring)

@: wereblooded, inhibited regen
A: fangs 1, strong nose, distributed training, iridescent scales 1, inhibited
regeneration
a: Evoke Invisibility


You were on level 3 of the Dungeon.
You visited 1 branch of the dungeon, and saw 3 of its levels.

You collected 142 gold pieces.

Inventory:

Hand Weapons
 d - a +0 short sword
 h - a +0 spear (weapon)
Missiles
 j - 10 boomerangs
Armour
 a - a +0 robe (worn)
 f - an orb of mayhem (worn)
 l - a scarf of invisibility (worn)
Jewellery
 m - a ring of willpower
Scrolls
 c - a scroll of magic mapping {unknown}
 e - 2 scrolls of identify {unknown}
 q - a scroll of fear {unknown}
Potions
 b - a potion of lignification
 g - a potion of heal wounds {unknown}
 i - 3 potions of magic {unknown}
 k - 2 potions of mutation
 n - a potion of berserk rage {unknown}
 o - a potion of cancellation {unknown}
 p - a potion of flight {unknown}


   Skills:
 + Level 2.7 Fighting
 + Level 1.1 Short Blades
 + Level 1.1 Long Blades
 + Level 1.1 Axes
 + Level 1.1 Maces & Flails
 + Level 1.1 Polearms
 + Level 1.1 Staves
 + Level 1.1 Slings
 + Level 1.1 Bows
 + Level 1.1 Crossbows
 + Level 1.1 Throwing
 + Level 1.1 Armour
 + Level 4.6 Dodging
 + Level 1.1 Stealth
 + Level 1.1 Shields
 + Level 6.6 Unarmed Combat
 + Level 5.1 Spellcasting
 + Level 0.9 Conjurations
 + Level 0.9 Hexes
 + Level 0.9 Summonings
 + Level 0.9 Necromancy
 + Level 0.9 Translocations
 + Level 3.8 Transmutations
 + Level 0.9 Fire Magic
 + Level 0.9 Ice Magic
 + Level 0.9 Air Magic
 + Level 0.9 Earth Magic
 + Level 0.9 Poison Magic
 + Level 1.2 Invocations
 + Level 1.1 Evocations


You had 10 spell levels left.
You knew the following spells:

 Your Spells              Type           Power      Damage    Failure   Level
a - Beastly Appendage     Tmut           28%        N/A       3%          1
b - Wereblood             Tmut           14%        N/A       5%          2

Your spell library contained the following spells:

 Spells                   Type           Power      Damage    Failure   Level
 Spider Form              Tmut/Pois      10%        N/A       19%         3
 Ice Form                 Ice/Tmut       10%        N/A       54%         4


Dungeon Overview and Level Annotations

Branches:
Dungeon (3/15)

Altars:


Innate Abilities, Weirdness & Mutations

You have very sharp teeth.
Your uncanny sense of smell can sniff out nearby items.
Your experience applies equally to all skills.
You are partially covered in iridescent scales. (AC +2)
You do not regenerate when monsters are visible.


Message History

You hit the centaur but do no damage. Your kick misses the centaur.
The centaur is heavily wounded.
The centaur barely misses you. The centaur closely misses you.
The centaur hits you. The centaur closely misses you.
You hit the centaur but do no damage. You claw the centaur.
You headbutt the centaur, but do no damage.
The centaur is severely wounded.
The centaur misses you.
The centaur kicks you but does no damage.
The centaur hits you.
The centaur kicks you but does no damage.
Casting: Wereblood (safe; 5% risk of failure)
Confirm with . or Enter, or press ? or * to list all spells.
Your blood is infused with primal strength.
Your horns disappear.
Your talons disappear.
The centaur hits you.
The centaur kicks you but does no damage.
You are too injured to fight recklessly!
Unknown command.
You are too injured to fight recklessly!
You are too injured to fight recklessly!
You hit the centaur.
The centaur is almost dead.
The centaur hits you but does no damage.
The centaur closely misses you. The centaur hits you.
* * * LOW HITPOINT WARNING * * *
The centaur kicks you but does no damage.
You hit the centaur but do no damage.
The centaur is severely wounded.
The centaur hits you.
* * * LOW HITPOINT WARNING * * *
The centaur barely misses you.
Casting: Wereblood (safe; 5% risk of failure)
Confirm with . or Enter, or press ? or * to list all spells.
Okay, then.
It was a potion of mutation.
You feel extremely strange.
Your regeneration stops near monsters.
Iridescent scales grow over part of your body.
The centaur barely misses you. The centaur misses you. The centaur hits you.
You die...

##. #.. . ####.# †#
#....# .## #.##.# .†..
#.##.. .....#### #.####
.....gc.###########.####
.###.##@................
#..####.......#### #..#
#.####..#### #..# #.#
#...... .... ..# #######
##..###### # #..# ...#
..##


You could see a centaur and a goblin.

Vanquished Creatures
  An adder (D:2)
  2 worms
  3 dart slugs
  2 orcs (D:3)
  A ball python (D:2)
  5 bats
  3 endoplasms
  2 giant cockroaches (D:2)
  2 hobgoblins
  7 jackals (D:1)
  A frilled lizard (D:1)
  7 goblins
  6 kobolds
  3 rats (D:1)
45 creatures vanquished.

Vanquished Creatures (collateral kills)
  2 orcs (D:3)
  2 goblins (D:3)
  4 hobgoblins (D:3)
  A ball python (D:3)
9 creatures vanquished.

Vanquished Creatures (others)
  Robin (D:3)
  A hobgoblin (D:3)
2 creatures vanquished.

Grand Total: 56 creatures vanquished

Notes
Turn   | Place    | Note
-------+----------+-------------------------------------------
     0 | D:1      | greenreed the Gnoll Transmuter began the quest for the Orb.
     0 | D:1      | Reached XP level 1. HP: 17/17 MP: 6/6
   205 | D:1      | Reached XP level 2. HP: 15/23 MP: 7/7
  1088 | D:1      | Reached XP level 3. HP: 18/28 MP: 9/9
  1292 | D:2      | Reached skill level 5 in Spellcasting
  2035 | D:2      | Reached skill level 1 in Invocations
  2789 | D:2      | Reached skill level 1 in Short Blades
  2789 | D:2      | Reached skill level 1 in Long Blades
  2789 | D:2      | Reached skill level 1 in Axes
  2789 | D:2      | Reached skill level 1 in Maces & Flails
  2789 | D:2      | Reached skill level 1 in Polearms
  2789 | D:2      | Reached skill level 1 in Staves
  2789 | D:2      | Reached skill level 1 in Slings
  2789 | D:2      | Reached skill level 1 in Bows
  2789 | D:2      | Reached skill level 1 in Crossbows
  2789 | D:2      | Reached skill level 1 in Throwing
  2789 | D:2      | Reached skill level 1 in Armour
  2789 | D:2      | Reached skill level 1 in Stealth
  2789 | D:2      | Reached skill level 1 in Shields
  2789 | D:2      | Reached skill level 1 in Evocations
  2922 | D:2      | Learned a level 2 spell: Wereblood
  3061 | D:3      | Reached XP level 4. HP: 32/34 MP: 9/11
  3353 | D:3      | Noticed Robin
  3364 | D:3      | Killed Robin
  3366 | D:3      | Noticed a centaur
  3382 | D:3      | Gained mutation: You do not regenerate when monsters are
                  | visible. [potion of mutation]
  3382 | D:3      | Gained mutation: You are partially covered in iridescent
                  | scales. (AC +2) [potion of mutation]
  3382 | D:3      | Slain by a centaur

Illustrated notes

Levels and vault maps discovered:
D:1:      lightli_arrival_windingriver, layout_loops_ring
D:2:      layout_basic
D:3:      layout_loops_ring, nicolae_qazlal_style_of_elements, uniq_robin

Skill      XL: |  1  2  3 |
---------------+----------+-----
Spellcasting   | 5 |  5.1
Invocations    | 1 |  1.2
Short Blades   | 1 |  1.1
Long Blades    | 1 |  1.1
Axes           | 1 |  1.1
Maces & Flails | 1 |  1.1
Polearms       | 1 |  1.1
Staves         | 1 |  1.1
Slings         | 1 |  1.1
Bows           | 1 |  1.1
Crossbows      | 1 |  1.1
Throwing       | 1 |  1.1
Armour         | 1 |  1.1
Stealth        | 1 |  1.1
Shields        | 1 |  1.1
Evocations     | 1 |  1.1
Fighting       | |  2.7
Dodging        | |  4.6
Unarmed Combat | |  6.6
Conjurations   | |  0.9
Hexes          | |  0.9
Summonings     | |  0.9
Necromancy     | |  0.9
Translocations | |  0.9
Transmutations | |  3.8
Fire Magic     | |  0.9
Ice Magic      | |  0.9
Air Magic      | |  0.9
Earth Magic    | |  0.9
Poison Magic   | |  0.9

Action                   |  1- 3 |  4- 6 || total
-------------------------+-------+-------++-------
Melee: Unarmed           |    20 |       ||    20
       Bite              |    20 |     2 ||    22
       Kick              |     4 |     5 ||     9
       Headbutt          |     3 |     4 ||     7
       Punch             |     1 |       ||     1
       Spear             |   161 |    43 ||   204
       Short sword       |     4 |       ||     4
 Cast: Beastly Appendage |     6 |     2 ||     8
       Wereblood         |       |     1 ||     1
  Use: Potion            |       |     1 ||     1
 Stab: Sleeping          |     1 |       ||     1
       Distracted        |       |     2 ||     2
Armor: Robe              |    26 |     9 ||    35
Dodge: Dodged            |    97 |    21 ||   118

Table legend: (Time is in decaauts)
 A = Elapsed time spent in this place.
 B = Non-inter-level travel time spent in this place.
 C = Inter-level travel time spent in this place.
 D = Time resting spent in this place.
 E = Time spent auto-exploring this place.
 F = Levels seen in this place.
 G = Mean time per level.
                   A        B        C        D        E       F      G
               +--------+--------+--------+--------+--------+-----+--------+
         Total |   3392 |   3325 |     67 |    158 |   2669 |   3 | 1130.7 |
       Dungeon |   3392 |   3325 |     67 |    158 |   2669 |   3 | 1130.7 |
               +--------+--------+--------+--------+--------+-----+--------+

Top non-repeatable levels by time:
     D:2: 1810 daAuts
     D:1: 1251 daAuts
     D:3: 330 daAuts
